Map: Odyssey LE

Players

Metasapien - Winner!

  • Race: Zerg Zerg
  • League: Gold
  • Spawn Location: 5:00

A.I. 1 (Very Hard)

  • Race: Zerg Zerg
  • Spawn Location: 11:00

VOD

Have the link to the VOD?

Description

Time

  • Played on: Aug. 27, 2017, 8:24 a.m.
  • Length: 31:03
Show
View Real Time Build Order
Export as new Build Order

Metasapien Zerg - Winner!

Build Orders: 3 Hatch before Pool 

Get SALT Encoding   

  12  0:05  Drone  
  13  0:15  Drone  
  13  0:17  Overlord  
  14  0:37  Drone x2  
  14  0:38  Drone  
  17  0:55  Hatchery  
  16  0:58  Drone  
  17  1:04  Extractor  
  17  1:07  Drone  
  17  1:10  Drone  
  18  1:21  Drone  
  19  1:39  Overlord  
  19  1:48  Hatchery  
  19  1:53  Spawning Pool  
  17  1:58  Drone  
  18  2:02  Extractor  
  18  2:03  Drone  
  18  2:06  Drone  
  19  2:10  Drone  
  20  2:19  Drone  
  22  2:30  Drone  
  22  2:37  Drone  
  22  2:38  Drone  
  22  2:40  Drone x2  
  26  2:46  Queen  
  28  2:53  Overlord  
  28  2:59  Queen  
  28  3:03  Drone  
  31  3:08  Drone x3  
  34  3:13  Drone  
  35  3:20  Zergling x4  
  35  3:26  Drone  
  35  3:27  Drone  
  39  3:33  Queen  
  41  3:36  Overlord  
  41  3:39  Drone  
  42  3:46  Drone  
  42  3:47  Drone  
  44  3:48  Lair  
  44  3:52  Metabolic Boost  
  44  4:11  Zergling x6  
  44  4:12  Drone x5  
  44  4:13  Drone x3  
  55  4:25  Drone  
  56  4:34  Drone  
  56  4:35  Spine Crawler, Drone x2  
  56  4:38  Spine Crawler, Overlord x2  
  57  4:51  Hydralisk Den  
  56  4:55  Overlord x2, Roach Warren  
  56  4:59  Drone x2  
  58  5:00  Drone x2  
  58  5:02  Drone  
  58  5:03  Drone x2  
  58  5:05  Extractor  
  61  5:07  Extractor  
  61  5:11  Extractor, Drone  
  61  5:12  Extractor, Drone x3  
  62  5:16  Overseer  
  62  5:18  Overseer  
  62  5:25  Pneumatized Carapace  
  62  5:28  Queen  
  64  5:30  Hydralisk x4  
  64  5:31  Hydralisk  
  74  5:37  Drone  
  74  5:38  Drone  
  77  5:42  Drone  
  77  5:43  Drone x2  
  79  5:50  Evolution Chamber  
  79  5:55  Evolution Chamber  
  77  6:07  Drone  
  77  6:08  Drone  
  80  6:11  Drone  
  80  6:12  Drone x2  
  80  6:14  Drone x3  
  80  6:17  Zerg Missile Weapons Level 1  
  85  6:21  Zerg Ground Armor Level 1  
  85  6:22  Overlord x3  
  85  6:23  Overlord  
  85  7:02  Drone  
  85  7:03  Drone  
  87  7:12  Hatchery  
  86  7:16  Hydralisk x4  
  86  7:17  Hydralisk  
  86  7:18  Roach x2, Hydralisk x2  
  86  7:19  Roach x2  
  108  7:23  Muscular Augments  
  108  7:25  Glial Reconstitution  
  108  7:27  Burrow  
  108  7:37  Overlord  
  108  7:38  Roach, Overlord, Hydralisk x3  
  108  7:39  Roach x3  
  122  7:45  Extractor  
  122  7:48  Extractor  
  113  8:07  Hydralisk x2  
  113  8:08  Roach x4, Hydralisk x2  
  129  8:15  Infestation Pit  
  129  8:19  Zerg Missile Weapons Level 2  
  128  8:20  Zerg Ground Armor Level 2  
  128  8:26  Queen  
  130  8:55  Drone  
  130  8:56  Drone x2  
  133  9:11  Overlord x2  
  133  9:12  Overlord x3  
  133  9:14  Overlord  
  133  9:16  Spine Crawler  
  132  9:18  Spine Crawler  
  132  9:20  Ravager x2  
  132  9:21  Ravager x2  
  132  9:22  Roach, Hydralisk x2  
  132  9:23  Roach  
  143  9:35  Tunneling Claws  
  144  9:38  Drone x3  
  144  9:40  Drone  
  144  9:42  Drone x3  
  144  9:44  Drone x2  
  144  9:45  Drone  
  153  9:46  Drone x4  
  153  9:48  Roach, Hydralisk x5  
  153  9:49  Roach x3  
  175  10:02  Drone  
  176  10:11  Spire  
  175  10:15  Overseer  
  175  10:18  Swarm Host  
  175  10:19  Zergling x8  
  175  10:20  Zergling x4  
  184  10:21  Zergling x2  
  184  10:22  Zergling x2  
  186  10:31  Hive  
  186  10:37  Lair  
  186  10:47  Overseer  
  186  10:50  Hatchery  
  185  11:00  Hydralisk  
  185  11:01  Roach x2  
  185  11:02  Overlord x2  
  185  11:03  Overlord x5  
  191  11:09  Hatchery  
  190  11:17  Unknown  
  184  11:27  Corruptor x5  
  184  11:29  Mutalisk x2  
  177  12:28  Hydralisk, Viper  
  177  12:29  Hydralisk, Viper  
  168  12:30  Roach, Hydralisk x4  
  168  12:31  Roach x3, Mutalisk, Corruptor x2, Hydralisk  
  168  12:32  Corruptor x2  
  168  12:33  Hydralisk x2  
  168  12:34  Roach x2  
  168  12:36  Hydralisk x16  
  192  12:39  Overlord x2  
  192  12:40  Overlord x5  
  192  12:41  Roach x6  
  181  12:45  Overseer  
  181  12:46  Overseer  
  181  12:47  Overseer  
  177  13:06  Overlord  
  177  13:07  Overlord x3  
  177  13:13  Zerg Ground Armor Level 3, Zerg Missile Weapons Level 3  
  171  13:38  Drone x2  
  171  13:39  Drone  
  164  13:57  Drone  
  164  13:58  Drone x2  
  159  14:19  Hydralisk x19  
  159  14:21  Corruptor  
  159  14:22  Mutalisk x2, Corruptor x3  
  171  14:24  Roach x8  
  171  14:26  Greater Spire  
  171  14:29  Extractor  
  171  14:30  Spire  
  158  15:08  Roach x2, Hydralisk x5  
  158  15:09  Roach x4, Hydralisk x4  
  158  15:10  Roach x4, Hydralisk x2  
  194  15:31  Ravager x4  
  194  15:32  Ravager x2  
  200  15:50  Brood Lord  
Show
View Real Time Build Order
Export as new Build Order

A.I. 1 (Very Hard) Zerg 

Build Orders: Pool First 

Get SALT Encoding   

  12  0:00  Drone  
  13  0:12  Overlord  
  13  0:16  Drone  
  14  0:30  Drone  
  15  0:39  Spawning Pool  
  15  0:41  Drone  
  15  0:45  Drone  
  16  0:50  Drone  
  16  0:52  Extractor  
  16  0:55  Drone  
  17  1:06  Drone  
  18  1:17  Drone  
  19  1:28  Queen  
  19  1:30  Roach Warren, Zergling x2  
  21  1:39  Overlord  
  21  1:49  Drone  
  22  1:59  Overlord  
  22  2:11  Roach  
  24  2:21  Roach  
  26  2:32  Roach  
  26  2:35  Roach x3  
  34  2:43  Overlord  
  34  2:53  Hatchery  
  34  2:56  Drone  
  34  3:02  Metabolic Boost  
  34  3:07  Zergling x2  
  34  3:11  Zergling x2  
  36  3:14  Zergling x2  
  36  3:18  Zergling x2  
  38  3:21  Zergling x2  
  39  3:32  Zergling x2  
  40  3:37  Extractor  
  40  3:38  Overlord  
  39  3:45  Lair  
  39  4:02  Drone  
  40  4:07  Drone  
  41  4:13  Drone  
  42  4:19  Drone  
  42  4:23  Drone  
  44  4:28  Drone  
  45  4:32  Drone  
  45  4:35  Drone  
  47  4:39  Drone  
  47  4:43  Drone  
  50  4:45  Drone  
  50  4:47  Hydralisk Den  
  50  4:48  Drone  
  50  4:51  Drone  
  51  4:54  Drone  
  51  4:59  Overlord  
  52  5:02  Drone  
  52  5:04  Drone  
  54  5:07  Drone  
  54  5:09  Drone  
  54  5:13  Drone  
  58  5:14  Drone  
  58  5:16  Hydralisk  
  58  5:17  Hydralisk  
  62  5:22  Overlord  
  62  5:26  Hydralisk  
  64  5:30  Hydralisk  
  66  5:37  Drone  
  66  5:40  Ravager  
  66  5:41  Overlord  
  68  5:44  Hydralisk  
  68  5:45  Roach, Drone  
  68  5:48  Drone  
  74  5:53  Drone  
  75  5:58  Drone  
  75  5:59  Ravager  
  75  6:03  Overlord  
  77  6:09  Drone  
  77  6:10  Extractor  
  77  6:14  Extractor, Drone  
  77  6:17  Roach, Infestation Pit, Hydralisk, Drone  
  81  6:20  Drone  
  82  6:25  Overlord  
  82  6:31  Drone  
  83  6:36  Drone  
  84  6:41  Drone  
  84  6:47  Hydralisk  
  85  6:48  Hydralisk, Drone  
  85  6:49  Roach  
  85  6:52  Drone  
  85  6:53  Hatchery  
  92  6:59  Drone  
  93  7:03  Drone  
  93  7:08  Evolution Chamber  
  93  7:09  Drone  
  93  7:13  Drone  
  95  7:21  Roach, Infestor, Evolution Chamber, Drone  
  99  7:24  Overlord  
  99  7:30  Evolution Chamber  
  99  7:32  Roach  
  99  7:33  Spine Crawler  
  99  7:35  Zerg Missile Weapons Level 1, Drone  
  100  7:39  Spine Crawler  
  100  7:42  Infestor  
  101  7:45  Overlord, Overseer, Queen  
  101  7:47  Zerg Melee Weapons Level 1  
  99  7:52  Roach, Hydralisk  
  99  7:54  Zergling x4  
  99  7:56  Zerg Ground Armor Level 1, Hydralisk  
  95  8:04  Hydralisk  
  95  8:05  Drone  
  98  8:07  Drone  
  99  8:15  Drone x2  
  99  8:18  Ravager, Drone  
  103  8:24  Spore Crawler, Roach, Hydralisk, Drone  
  103  8:26  Drone  
  108  8:27  Drone  
  108  8:28  Drone  
  110  8:37  Drone  
  110  8:38  Drone  
  110  8:39  Drone  
  113  8:47  Drone  
  114  8:49  Spore Crawler, Drone  
  114  8:50  Drone  
  114  8:52  Overlord, Hydralisk  
  114  8:53  Drone  
  118  8:58  Drone  
  118  9:00  Hydralisk  
  121  9:03  Glial Reconstitution  
  121  9:08  Extractor, Drone  
  121  9:10  Queen, Drone  
  121  9:11  Overlord, Pneumatized Carapace, Drone  
  125  9:17  Spine Crawler  
  125  9:19  Drone  
  125  9:20  Lurker Den  
  125  9:21  Roach  
  127  9:29  Roach x2, Overlord  
  127  9:31  Drone x2  
  133  9:40  Extractor, Drone  
  133  9:47  Roach, Overlord  
  133  9:48  Hive  
  133  9:51  Zerg Missile Weapons Level 2  
  135  9:54  Hatchery  
  135  9:55  Drone  
  135  9:58  Spine Crawler  
  135  9:59  Drone  
  135  10:02  Drone  
  135  10:03  Drone x2  
  135  10:06  Overlord  
  138  10:07  Zerg Ground Armor Level 2  
  138  10:14  Burrow  
  138  10:16  Spine Crawler, Drone  
  138  10:17  Spine Crawler  
  138  10:18  Overseer  
  138  10:20  Queen  
  139  10:25  Overlord, Overseer  
  139  10:35  Zergling x2  
  140  10:37  Zergling x2, Spire  
  140  10:38  Zergling x2  
  140  10:39  Zergling x2  
  142  10:56  Spine Crawler  
  141  10:58  Spore Crawler  
  141  10:59  Viper  
  141  11:01  Spine Crawler, Lair, Drone  
  143  11:04  Spore Crawler  
  143  11:05  Drone  
  143  11:07  Spore Crawler, Drone  
  143  11:08  Drone x3  
  143  11:09  Drone x2  
  143  11:10  Overlord, Drone x3  
  143  11:11  Drone  
  152  11:15  Viper  
  154  11:18  Drone  
  154  11:19  Drone  
  155  11:30  Zerg Melee Weapons Level 2  
  155  11:36  Extractor  
  155  11:37  Drone  
  155  11:38  Extractor  
  155  11:39  Drone  
  155  11:41  Spine Crawler  
  155  11:43  Hydralisk  
  155  11:44  Hydralisk x2, Drone  
  155  11:45  Roach, Overlord  
  155  11:46  Hatchery  
  162  11:49  Drone  
  162  11:50  Corruptor, Greater Spire  
  162  11:51  Roach  
  162  11:53  Corruptor  
  169  11:55  Roach  
  169  11:57  Hydralisk  
  169  11:59  Hydralisk  
  177  12:01  Roach, Drone x3  
  177  12:02  Drone  
  177  12:03  Overlord, Drone  
  177  12:05  Mutalisk  
  177  12:07  Roach  
  181  12:09  Hydralisk  
  181  12:13  Roach x2  
  184  12:16  Roach  
  184  12:18  Roach  
  184  12:20  Roach, Drone  
  184  12:21  Zergling x2  
  173  12:23  Roach  
  173  12:24  Zergling x2  
  173  12:27  Roach  
  173  12:28  Roach  
  143  12:30  Drone x2  
  143  12:31  Drone  
  143  12:33  Drone x2  
  124  12:42  Hydralisk  
  110  12:45  Hydralisk  
  110  12:48  Zergling x4  
  110  12:50  Hydralisk  
  97  12:54  Roach  
  97  12:56  Hydralisk  
  97  12:57  Overseer, Drone  
  102  12:59  Drone x2  
  102  13:00  Drone  
  102  13:01  Drone  
  102  13:02  Roach x3, Drone  
  102  13:04  Drone  
  106  13:08  Drone x2  
  106  13:09  Roach  
  106  13:12  Corruptor, Zergling x4  
  95  13:23  Hatchery  
  95  13:25  Overseer  
  95  13:27  Hydralisk  
  78  13:38  Roach, Hydralisk  
  78  13:39  Zergling x2  
  78  13:40  Hydralisk  
  73  13:44  Hydralisk  
  73  13:45  Drone  
  73  13:47  Zergling x2  
  73  13:48  Roach  
  66  13:50  Drone  
  39  14:09  Hatchery  
  35  14:10  Zergling x2  
  35  14:14  Roach, Overseer, Lair, Drone x2  
  35  14:15  Drone  
  37  14:21  Overseer  
  37  14:46  Drone  
  37  14:50  Drone  
  38  14:55  Zergling x2  
  38  14:59  Zergling x2  
  23  15:04  Hatchery  
  23  15:05  Roach  
  11  16:02  Hatchery  
  7  16:12  Drone  
Tags
 
Add a new tag
Caveats
  • Supply blocks, unpowered buildings, or Contaminate may cause inaccurate times.
  • Supply counts are checked every 10 seconds.